 Dungeon Crawl Stone Soup version 0.25.1-2-g60ff931df9 (webtiles) character file.

Game seed: 1061444679861386696

1491 Revguard the Slasher (level 8, -1/61 HPs)
             Began as a Demonspawn Gladiator on Aug 11, 2020.
             Killed from afar by an orc wizard (7 damage)
             ... with a magic dart
             ... on level 7 of the Dungeon.
             The game lasted 00:14:55 (6689 turns).

Revguard the Slasher (Demonspawn Gladiator)         Turns: 6689, Time: 00:14:56

Health: -1/61      AC:  8    Str: 14 (17) XL:     8   Next: 51%
Magic:  10/10      EV: 10    Int: 12 (13) God:
Gold:   387        SH:  0    Dex: 14 (15) Spells: 7/7 levels left

rFire    . . .     SeeInvis .   o - +4 falchion of the Forgotten Knives {freeze, MR+ Int+4}
rCold    . . .     Gourm    .   i - +0 buckler
rNeg     . . .     Faith    .   k - +0 scale mail
rPois    .         Spirit   .   c - +0 helmet
rElec    .         Reflect  .   (no cloak)
rCorr    .         Harm     .   (no gloves)
MR       +....                  (no boots)
Stlth    ..........             (no amulet)
HPRegen  0.20/turn              j - ring of flight
MPRegen  0.12/turn              (no ring)

@: confused
A: powered by pain 2, spiny 1
a: Evoke Flight


You were on level 7 of the Dungeon.
You were not hungry.

You visited 1 branch of the dungeon, and saw 6 of its levels.

You collected 387 gold pieces.

Inventory:

Hand Weapons
 a - a +1 long sword
 o - the +4 falchion of the Forgotten Knives (weapon) {freeze, MR+ Int+4}
   (You found it on level 6 of the Dungeon)

   It has been specially enchanted to freeze those struck by it, causing extra
   injury to most foes and up to half again as much damage against particularly
   susceptible opponents.
   It can also slow down cold-blooded creatures.
   It affects your intelligence (+4).
   It affects your resistance to hostile enchantments.
 r - a +0 great sword
Missiles
 p - 3 boomerangs of dispersal (quivered)
Armour
 c - a +0 helmet (worn)
 i - a +0 buckler (worn)
 k - a +0 scale mail (worn)
 q - a +0 ring mail
Jewellery
 j - a ring of flight (left hand)
 m - an uncursed ring of ice
Wands
 e - a wand of polymorph (11)
 v - a wand of acid (9)
Scrolls
 h - 2 scrolls of remove curse
 l - 2 scrolls of identify
 n - a scroll of magic mapping
 s - a scroll of amnesia
 t - a scroll of enchant weapon
 u - a scroll of teleportation
 x - a scroll of vulnerability {unknown}
Potions
 b - 2 potions of might
 w - a potion of haste
Comestibles
 f - 5 rations
 g - 2 chunks of flesh


   Skills:
 + Level 4.3 Fighting
 + Level 6.3 Long Blades
 - Level 2.6 Throwing
 + Level 3.7 Armour
 + Level 4.0 Dodging
 + Level 0.7 Stealth
 * Level 1.8 Shields
 * Level 3.7 Evocations


You had 7 spell levels left.
You didn't know any spells.
Your spell library contained the following spells:

 Spells                   Type           Power        Failure   Level  Hunger
 Beastly Appendage        Tmut           #.....       87%         1    ##.....
 Sticks to Snakes         Tmut           #.......     95%         2    ###....
 Spider Form              Tmut/Pois      #.........   99%         3    ####...
 Ice Form                 Ice/Tmut       #.......     100%        4    #####..
 Blade Hands              Tmut           #.........   100%        5    ######.


Dungeon Overview and Level Annotations

Branches:
Dungeon (7/15)
 Temple: D:4-7

Altars:
Gozag
Okawaru
Sif Muna
Trog
Uskayaw
Yredelemnul


Innate Abilities, Weirdness & Mutations

You sometimes gain power by taking damage.
You are partially covered in sharp spines.


Message History

You slash the orc priest! You freeze the orc priest.
You kill the orc priest!
Your Dodging skill increases to level 4!
The orc hits you with a +0 flail.
The orc wizard points at you and mumbles some strange words.
You are confused.
It was a potion of degeneration.
There was something very wrong with that liquid.
You feel weakened.
You feel dopey.
You feel clumsy. The orc hits you but does no damage.
The orc wizard gestures at you while chanting.
The magic dart hits you!
* * * LOW HITPOINT WARNING * * *
The orc warrior hits you with a +0 short sword!
* * * LOW HITPOINT WARNING * * *
You bump into the rock wall.
The orc hits you with a +0 flail.
* * * LOW HITPOINT WARNING * * *
The orc wizard casts a spell at you. The magic dart hits you!
You die...

#####.....+..#....#......
.(..(.....#..#....#..##..
..........#..#....#..##..
..........#..#....#..##..
..........#..#....#..##..
..........#..#....#..##..
.......)..#..'....#..##..
......[oo.#..#....#..##..
.......o@.#..#....'..##..
.....##'###..#....#......
.... +.......#....#......
... #.......#....#..##..
.. #...##..#....#..##.. .
#...##..#....#..##..
#....#..#....#..#...
#....#..#....#..+...
######### #######


You could see an orc warrior, an orc wizard and an orc.

Vanquished Creatures
  Eustachio (D:4)
  A water moccasin (D:7)
  A sky beast (D:6)
  2 ogres (D:4)
  A centaur (D:6)
  A bullfrog (D:6)
  A gnoll sergeant (D:6)
  A wyvern skeleton (D:6)
  A howler monkey (D:6)
  5 orc priests
  A hound (D:4)
  5 orc wizards
  A centaur skeleton (D:6)
  2 worker ants
  A killer bee zombie (D:7)
  A hound zombie (D:6)
  11 gnolls
  2 adders (D:3)
  2 shadow imps
  An ooze (D:1)
  A worm (D:3)
  A dart slug (D:3)
  6 leopard geckos
  30 orcs
  2 ball pythons
  6 giant cockroaches
  5 goblins
  4 hobgoblins
  7 jackals
  8 kobolds
  2 quokkas
  6 bats
  2 frilled lizards
  A leopard gecko skeleton (D:6)
  6 rats
129 creatures vanquished.

Notes
Turn   | Place    | Note
-------+----------+-------------------------------------------
     0 | D:1      | Revguard the Demonspawn Gladiator began the quest for the
                  | Orb.
     0 | D:1      | Reached XP level 1. HP: 16/16 MP: 1/1
   246 | D:1      | Gained mutation: You sometimes gain a little power by
                  | taking damage. [demonic ancestry]
   246 | D:1      | Reached XP level 2. HP: 21/22 MP: 2/2
   315 | D:1      | Reached skill level 3 in Long Blades
   787 | D:1      | Reached XP level 3. HP: 27/27 MP: 3/3
   900 | D:2      | Found an iron altar of Okawaru.
   966 | D:2      | Found an opulent altar of Gozag.
  1629 | D:3      | Reached skill level 1 in Armour
  1629 | D:3      | Reached XP level 4. HP: 27/34 MP: 4/4
  1829 | D:3      | Found a hide-covered altar of Uskayaw.
  2522 | D:3      | Reached XP level 5. HP: 21/39 MP: 5/5
  2662 | D:3      | Found a shimmering blue altar of Sif Muna.
  2797 | D:3      | Reached skill level 4 in Long Blades
  3247 | D:4      | Noticed an ogre
  3263 | D:4      | Killed an ogre
  3263 | D:4      | Gained mutation: You are partially covered in sharp spines.
                  | [demonic ancestry]
  3263 | D:4      | Reached XP level 6. HP: 10/47 MP: 6/6
  3566 | D:4      | Reached skill level 1 in Evocations
  3831 | D:4      | Noticed Eustachio
  3847 | D:4      | Killed Eustachio
  3847 | D:4      | Reached skill level 5 in Long Blades
  3847 | D:4      | Gained mutation: You sometimes gain power by taking damage.
                  | [demonic ancestry]
  3847 | D:4      | Reached XP level 7. HP: 43/52 MP: 6/8
  4619 | D:4      | You fall into a shaft and drop 3 floors!
  4819 | D:6      | Got a buzzing falchion
  4820 | D:6      | Identified the +4 falchion of the Forgotten Knives {freeze,
                  | MR+ Int+4} (You found it on level 6 of the Dungeon)
  4956 | D:6      | HP: 2/53 [gnoll sergeant/+0 vorpal trident (3)]
  5522 | D:6      | Reached XP level 8. HP: 42/60 MP: 10/10
  5731 | D:6      | Reached skill level 6 in Long Blades
  5838 | D:6      | Found a bloodstained altar of Trog.
  5838 | D:6      | Found a basalt altar of Yredelemnul.
  5959 | D:6      | Reached skill level 1 in Shields
  6689 | D:7      | Killed from afar by an orc wizard

Illustrated notes

Levels and vault maps discovered:
D:1:      ebering_trefoil_3fold, layout_basic
D:2:      layout_loops_ring, overflow_temple_1_default, grunt_gozag_breadcrumbs
D:3:      layout_loops_ring, lemuel_doored_altar, led_sif_book
D:4:      layout_basic, uniq_eustachio
D:6:      layout_gridville, gammafunk_temple_overflow_elements
D:7:      layout_gridville, tso_altar

Skill      XL: |  1  2  3  4  5  6  7  8 |
---------------+-------------------------+-----
Dodging        | 3 4 |  4.0
Long Blades    | 3 4 5 6 |  6.3
Armour         | 1 2 3 |  3.7
Throwing       | 2 |  2.6
Fighting       | 3 4 |  4.3
Evocations     | 1 3 |  3.7
Shields        | 1 |  1.8
Stealth        | |  0.7

Action                   |  1- 3 |  4- 6 |  7- 9 || total
-------------------------+-------+-------+-------++-------
Melee: Long sword        |    79 |   132 |    34 ||   245
       Falchion          |       |       |   107 ||   107
Throw: Dart              |       |    15 |       ||    15
       Throwing net      |       |     2 |     4 ||     6
Evoke: Wand              |       |       |     1 ||     1
  Use: Scroll            |     6 |       |     3 ||     9
       Potion            |       |       |     5 ||     5
  Eat: Chunk             |     2 |     6 |    11 ||    19
Armor: Leather armour    |    13 |       |       ||    13
       Ring mail         |    13 |    41 |    25 ||    79
       Scale mail        |       |       |    25 ||    25
Dodge: Dodged            |    71 |   102 |    84 ||   257
Block: Buckler           |       |       |    20 ||    20
       Rpst.: Long sword |    19 |    30 |     2 ||    51
       Falchion          |       |       |    17 ||    17
